Map: Lightshade LE

Players

Leo (LeoRusher)

  • Race: Protoss Protoss
  • League: Grandmaster
  • Spawn Location: 5:00

MeomaikaFan (Peppy) - Winner!

  • Race: Zerg Zerg
  • League: Grandmaster
  • Spawn Location: 11:00

Event: DreamHack SC2 Masters 2020 Winter

VOD

Have the link to the VOD?

Description

Time

  • Played on: Oct. 10, 2020, 12:53 a.m.
  • Length: 10:55

All games in this series

Show
View Real Time Build Order
Export as new Build Order

Leo Protoss 

Build Orders: 1 Gate Expand, Mass Adepts 

Get SALT Encoding   

  12  0:00  Probe  
  13  0:12  Probe  
  14  0:20  Pylon  
  14  0:24  Probe  
  15  0:38  Probe (Chrono Boost)  
  15  0:42  Gateway  
  16  0:47  Assimilator, Probe (Chrono Boost)  
  17  0:52  Probe (Chrono Boost)  
  18  1:04  Probe  
  19  1:16  Probe  
  20  1:23  Nexus  
  20  1:33  Cybernetics Core  
  20  1:35  Probe  
  21  1:44  Assimilator  
  21  1:48  Pylon  
  21  1:51  Probe  
  22  2:03  Probe (Chrono Boost)  
  22  2:06  Stalker (Chrono Boost)  
  23  2:09  Warp Gate  
  23  2:14  Probe (Chrono Boost)  
  26  2:19  Probe (Chrono Boost)  
  27  2:27  Twilight Council  
  28  2:31  Adept  
  28  2:32  Probe (Chrono Boost)  
  28  2:34  Probe (Chrono Boost)  
  33  2:44  Probe (Chrono Boost)  
  33  2:46  Probe (Chrono Boost)  
  33  2:49  Probe (Chrono Boost)  
  33  2:55  Robotics Facility  
  34  2:59  Gateway  
  34  3:02  Probe  
  34  3:04  Probe  
  36  3:07  Resonating Glaives (Chrono Boost)  
  36  3:13  Adept  
  38  3:21  Gateway  
  38  3:24  Gateway  
  38  3:39  Warp Prism (Chrono Boost)  
  38  3:41  Gateway  
  38  3:43  Probe  
  38  3:44  Probe  
  42  3:50  Gateway  
  42  3:59  Adept x2  
  42  4:01  Pylon  
  46  4:11  Pylon  
  46  4:13  Pylon  
  46  4:22  Adept  
  46  4:23  Adept x3  
  54  4:33  Pylon  
  54  4:41  Adept  
  54  4:42  Adept  
  54  4:50  Adept x6  
  48  5:11  Adept x4  
  48  5:12  Adept x2  
  48  5:13  Probe x2  
  62  5:15  Assimilator  
  62  5:32  Adept  
  62  5:33  Adept x3  
  58  5:48  Adept x2  
  58  5:53  Adept  
  58  5:54  Zealot x3  
  58  5:57  Probe  
  51  6:08  Probe  
  48  6:14  Immortal (Chrono Boost)  
  48  6:17  Gateway  
  52  6:22  Gateway  
  52  6:23  Pylon  
  52  6:25  Zealot, Adept  
  54  6:41  Immortal (Chrono Boost)  
  58  6:57  Adept x3  
  58  6:58  Adept x2  
  66  7:03  Pylon  
  66  7:09  Pylon  
  66  7:19  Pylon  
  66  7:22  Adept x4  
  70  7:23  Adept x4  
  82  7:41  Adept  
  82  7:42  Adept x4  
  92  7:50  Adept x2  
  92  7:51  Adept  
  88  8:13  Adept x6  
  88  8:17  Adept  
  86  8:23  Adept  
  84  8:34  Adept x4  
  84  8:38  Adept  
  94  8:42  Adept  
  96  8:48  Adept  
  72  9:17  Adept x3  
  68  9:26  Adept x8  
  72  9:36  Immortal (Chrono Boost)  
  54  9:58  Stalker  
  54  9:59  Adept x5  
  66  10:01  Zealot  
  66  10:03  Sentry  
  66  10:19  Adept  
  66  10:20  Adept x2  
  70  10:21  Sentry  
  70  10:28  Adept x2  
  58  10:40  Adept x2  
Show
View Real Time Build Order
Export as new Build Order

MeomaikaFan Zerg - Winner!

Build Orders: Hatch First 

Get SALT Encoding   

  12  0:00  Drone  
  13  0:12  Overlord  
  13  0:17  Drone  
  14  0:31  Drone x2  
  16  0:48  Hatchery  
  15  0:52  Drone  
  15  0:55  Drone  
  17  1:01  Drone  
  18  1:11  Extractor  
  18  1:15  Spawning Pool  
  18  1:17  Drone  
  17  1:20  Drone  
  18  1:28  Drone  
  19  1:40  Drone  
  20  1:49  Overlord  
  20  2:01  Queen x2  
  20  2:02  Zergling x4  
  26  2:12  Drone x2  
  26  2:15  Metabolic Boost  
  28  2:21  Drone  
  28  2:22  Drone  
  30  2:32  Drone  
  30  2:33  Drone  
  32  2:47  Drone  
  33  2:52  Overlord  
  33  2:53  Hatchery  
  33  2:56  Drone x2  
  34  3:06  Drone  
  34  3:07  Drone  
  34  3:10  Drone x2  
  34  3:11  Queen  
  34  3:12  Drone  
  41  3:17  Zergling x2  
  41  3:19  Overlord  
  42  3:26  Drone  
  43  3:29  Drone  
  44  3:42  Drone x3  
  44  3:43  Drone x2  
  44  3:45  Drone x2  
  44  3:46  Overlord  
  51  3:50  Queen, Roach Warren  
  51  3:54  Overlord  
  52  4:03  Overlord  
  52  4:05  Zergling x4  
  52  4:09  Zergling x2  
  55  4:12  Zergling x2  
  55  4:14  Queen  
  55  4:16  Zergling x6  
  61  4:21  Zergling x8  
  61  4:24  Spore Crawler x2  
  64  4:26  Spore Crawler  
  64  4:27  Zergling x2  
  64  4:28  Zergling x2  
  64  4:29  Zergling x2  
  65  4:38  Overlord  
  63  4:47  Roach x2  
  63  4:48  Roach x2  
  65  4:54  Drone x6  
  66  5:00  Roach x2  
  66  5:02  Roach  
  70  5:07  Roach x2, Zergling x2  
  70  5:10  Roach  
  71  5:16  Queen  
  71  5:18  Zergling x4  
  71  5:21  Roach  
  77  5:27  Roach x4  
  85  5:35  Zergling x6  
  85  5:42  Roach x2, Zergling x2  
  83  5:45  Zergling x6  
  80  5:51  Queen, Zergling x6  
  80  5:54  Queen  
  80  5:55  Zergling x4  
  88  6:00  Zergling x2  
  82  6:07  Drone x2, Extractor  
  82  6:08  Drone  
  81  6:24  Lair  
  81  6:25  Drone x4  
  85  6:30  Drone  
  85  6:44  Overlord  
  85  6:45  Zergling x2  
  85  6:46  Zergling x8  
  90  6:48  Extractor x2  
  85  6:59  Queen x2  
  89  7:01  Overlord x3  
  89  7:08  Roach x4  
  97  7:13  Hatchery  
  96  7:17  Zergling x2  
  96  7:19  Overlord x2  
  96  7:21  Ravager x3  
  96  7:22  Zergling x12  
  106  7:24  Queen  
  106  7:28  Zergling x2  
  109  7:31  Ravager  
  109  7:32  Zergling x4  
  109  7:36  Roach x3  
  118  7:42  Roach x3  
  118  7:43  Zergling x6  
  127  7:53  Zergling x6  
  128  8:00  Roach  
  128  8:01  Roach x2  
  125  8:18  Roach  
  125  8:19  Roach x6  
  125  8:25  Glial Reconstitution  
  125  8:26  Zergling x12  
  130  8:31  Queen  
  132  8:35  Roach x3  
  132  8:37  Overseer  
  132  8:39  Roach x2, Zergling x2  
  143  8:48  Overlord  
  143  8:49  Baneling Nest  
  143  8:51  Overseer  
  140  9:07  Zergling x22  
  134  9:10  Zergling x2  
  134  9:11  Zergling x8  
  134  9:15  Zergling x4  
  130  9:19  Zergling x4  
  130  9:21  Zergling x2  
  133  9:31  Roach x3  
  119  9:45  Zergling x16  
  126  9:54  Zergling x8  
  126  9:57  Ravager x3  
  126  9:59  Zergling x2  
  133  10:13  Roach x4  
  133  10:28  Roach x4, Zergling x2  
Tags
 
Add a new tag
Caveats
  • Supply blocks, unpowered buildings, or Contaminate may cause inaccurate times.
  • Supply counts are checked every 10 seconds.